 Dungeon Crawl Stone Soup version 0.30-a0-879-ga8ba668304 (webtiles) character file.

Game seed: 1949718753374823178

410 Grim the Chopper (level 7, -5/52 HPs)
             Began as a Formicid Fighter on Mar 13, 2023.
             Was an Initiate of Gozag.
             Slain by a killer bee (8 damage)
             ... on level 4 of the Dungeon.
             The game lasted 00:04:17 (2627 turns).

Grim the Chopper (Formicid Fighter)                 Turns: 2627, Time: 00:04:18

Health: -5/52      AC:  8    Str: 21    XL:     7   Next: 13%
Magic:  7/7        EV:  9    Int:  9    God:    Gozag
Gold:   139        SH: 10    Dex: 13    Spells: 6/6 levels left

rFire   . . .      SeeInvis +    a - +0 war axe
rCold   . . .      Faith    .    c - +0 buckler
rNeg    . . .      Spirit   .    b - +0 scale mail
rPois   .          Reflect  +    (helmet unavailable)
rElec   .          Rampage  .    (no cloak)
rCorr   .                        t - +0 pair of gloves
Will    .....                    (no boots) Stlth
                                 j - amulet of reflection
HPRegen 0.28/turn                (no ring)
MPRegen 0.10/turn                (no ring)

@: gold aura, attractive
A: permanent stasis, dig shafts and tunnels, antennae 3, four strong arms
a: Dig, Shaft Self, Renounce Religion, Potion Petition, Call Merchant, Bribe
Branch


You were on level 4 of the Dungeon.
You worshipped Gozag.
Gozag was aware of your devotion.
You visited 2 branches of the dungeon, and saw 5 of its levels.

You collected 214 gold pieces.
You paid 75 gold pieces to Gozag.

Inventory:

Hand Weapons
 a - a +0 war axe (weapon)
Missiles
 d - 5 silver javelins
 m - 6 atropa-tipped darts
 n - 10 poisoned darts
Armour
 b - a +0 scale mail (worn)
 c - a +0 buckler (worn)
 t - a +0 pair of gloves (worn)
Jewellery
 h - a ring of ice
 j - an amulet of reflection (around neck)
 l - a ring of wizardry
 r - a ring of fire
 s - a ring of protection from cold
Scrolls
 f - 5 scrolls of identify {unknown}
 g - 4 scrolls of vulnerability {unknown}
 i - a scroll of blinking {unknown}
 o - a scroll of magic mapping {unknown}
 p - 2 scrolls of poison {unknown}
 v - a scroll of amnesia {unknown}
 w - 2 scrolls of fog {unknown}
Potions
 k - a potion of haste {unknown}
 q - a potion of attraction
 u - a potion of cancellation {unknown}
 x - a potion of heal wounds {unknown}
 z - a potion of berserk rage {unknown}
 A - a potion of mutation {unknown}


   Skills:
 - Level 3.2 Fighting
 + Level 7.1 Axes
 - Level 3.2 Armour
 - Level 4.0 Shields


You had 6 spell levels left.
You didn't know any spells.
Your spell library contained the following spells:

 Spells                   Type           Power      Damage    Failure   Level
 Foxfire                  Conj/Fire      0%         2x1d4     80%         1
 Slow                     Hex            0%         N/A       80%         1
 Confusing Touch          Hex            0%         N/A       99%         3
 Vampiric Draining        Necr           0%         2d6       99%         3
 Fireball                 Conj/Fire      0%         3d3       100%        5
 Starburst                Conj/Fire      0%         6d3       100%        6


Dungeon Overview and Level Annotations

Branches:
Dungeon (4/15)             Temple (1/1) D:4

Altars:
Ashenzari
Cheibriados
Dithmenos
Fedhas
Gozag
Hepliaklqana
Kikubaaqudgha
Makhleb
Nemelex Xobeh
Qazlal
Ru
Sif Muna
Trog
Uskayaw
Vehumet
Wu Jian
Xom
Yredelemnul
The Shining One


Innate Abilities, Weirdness & Mutations

You cannot be hasted, slowed, berserked, paralysed or teleported.
You can dig through walls and to a lower floor.
You have a pair of large antennae on your head. (SInv)
Your four strong arms can wield two-handed weapons with a shield.


Message History

The killer bee stings you.
* * * LOW HITPOINT WARNING * * *
The killer bee stings you.
* * * LOW HITPOINT WARNING * * *
You are poisoned.
The killer bee poisons you!
You slash the killer bee!
You kill the killer bee!
You feel sick.
The killer bee stings you but does no damage.
You have reached level 7!
You slash the killer bee!
The killer bee is severely wounded.
You feel sick. You block the killer bee's attack. x2
The killer bee barely misses you.
You miss the killer bee.
The killer bee is severely wounded.
You feel sick. The killer bee completely misses you. The killer bee misses you.
You miss the killer bee.
The killer bee is severely wounded.
You feel sick. You block the killer bee's attack.
The killer bee barely misses you.
The ball python is distracted by your dazzling golden aura.
The ball python hisses angrily.
You slash the killer bee!
You kill the killer bee!
You feel sick. You block the killer bee's attack.
The killer bee stings you but does no damage.
Your Axes skill increases to level 7!
You hit the killer bee but do no damage.
You feel sick.
You are no longer poisoned.
The killer bee stings you but does no damage. x2
You closely miss the killer bee.
The ball python is no longer distracted by gold.
The killer bee stings you.
* * * LOW HITPOINT WARNING * * *
You block the killer bee's attack. The killer bee stings you!
You die...
Your body crumbles into a pile of gold.

............#
............#
###..........#######
.......(..........#
#.#.........##.... ..
#...........##.#.### .
....###............#....
.................##..#..##
.....####@####.#.#........
......###y## #.#.#...#...#
.........SS# #)#.#........
......###..###.#.##.##.###
##.........##.............
....####...##>.#.##....###
...........#####.#######
###...#....# . ...?.
#....# ##


You could see a killer bee and 2 ball pythons.

Vanquished Creatures
  A scorpion (D:3)
  5 killer bees (D:4)
  An orc priest (D:4)
  2 adders
  2 worms (D:2)
  2 dart slugs (D:1)
  An orc (D:3)
  7 endoplasms
  4 giant cockroaches
  2 goblins
  6 hobgoblins
  10 jackals
  4 quokkas
  4 ball pythons
  6 bats
  3 frilled lizards
  10 kobolds
  3 rats
73 creatures vanquished.

Notes
Turn   | Place    | Note
-------+----------+-------------------------------------------
     0 | D:1      | Grim the Formicid Fighter began the quest for the Orb.
     0 | D:1      | Reached XP level 1. HP: 18/18 MP: 1/1
    84 | D:1      | Reached XP level 2. HP: 24/24 MP: 2/2
   127 | D:1      | Reached skill level 3 in Axes
   218 | D:1      | Reached XP level 3. HP: 24/29 MP: 3/3
   632 | D:2      | Reached skill level 4 in Axes
   632 | D:2      | Reached XP level 4. HP: 33/35 MP: 4/4
   989 | D:2      | Found a faded altar of an unknown god.
  1036 | D:2      | Found a shimmering altar of Xom.
  1873 | D:3      | Noticed a scorpion
  1897 | D:3      | Killed a scorpion
  1898 | D:3      | Reached skill level 5 in Axes
  1898 | D:3      | Reached XP level 5. HP: 31/41 MP: 5/5
  2482 | D:4      | Found a staircase to the Ecumenical Temple.
  2488 | D:4      | Reached XP level 6. HP: 47/47 MP: 6/6
  2493 | Temple   | Entered the Ecumenical Temple
  2543 | Temple   | Became a worshipper of Gozag Ym Sagoz the Greedy
  2601 | D:4      | Reached skill level 6 in Axes
  2622 | D:4      | Reached XP level 7. HP: 13/52 MP: 7/7
  2626 | D:4      | Reached skill level 7 in Axes
  2627 | D:4      | Slain by a killer bee

Illustrated notes

Levels and vault maps discovered:
D:1:      minmay_arrival_diagonal_passages, layout_rooms
D:2:      layout_basic, basic_altar, ebering_ecumenical_altar_hall,
          feat_on_display
D:3:      minmay_chambers_of_threes, layout_basic
D:4:      minmay_chambers_of_twos, layout_basic,
          minmay_temple_entry_proselytizer, serial_shops,
          nicolae_shop_statue_plus
Temple:   hellmonk_temple_of_storms

Skill      XL: |  1  2  3  4  5  6  7 |
---------------+----------------------+-----
Axes           | 3 4 5 6 7 |  7.1
Fighting       | |  3.2
Armour         | |  3.2
Shields        | |  4.0

Action                     |  1- 3 |  4- 6 |  7- 9 || total
---------------------------+-------+-------+-------++-------
  Melee: War axe           |    83 |   119 |     6 ||   208
    Use: Potion            |       |     6 |       ||     6
   Stab: Distracted        |       |     1 |       ||     1
 Armour: Scale mail        |    38 |    53 |     3 ||    94
  Dodge: Dodged            |    30 |    51 |     4 ||    85
  Block: Buckler           |    25 |    88 |     5 ||   118
         Reflection        |       |     2 |       ||     2

Table legend: (Time is in decaauts)
 A = Elapsed time spent in this place.
 B = Non-inter-level travel time spent in this place.
 C = Inter-level travel time spent in this place.
 D = Time resting spent in this place.
 E = Time spent auto-exploring this place.
 F = Levels seen in this place.
 G = Mean time per level.
                   A        B        C        D        E       F      G
               +--------+--------+--------+--------+--------+-----+--------+
         Total |   2695 |   2547 |    148 |     88 |   1884 |   5 |  539.0 |
       Dungeon |   2624 |   2496 |    128 |     88 |   1866 |   4 |  656.0 |
        Temple |     70 |     50 |     20 |      0 |     18 |   1 |   70.0 |
               +--------+--------+--------+--------+--------+-----+--------+

Top non-repeatable levels by time:
     D:2: 1005 daAuts
     D:3: 945 daAuts
     D:1: 570 daAuts
     D:4: 103 daAuts
  Temple: 70 daAuts
